 Dungeon Crawl Stone Soup version 0.29-a0-360-g8ed1089bbe (webtiles) character file.

Game seed: 12921571255499297444

242 ytrimaz the Covered (level 5, -1/63 HPs)
             Began as a Demonspawn Fighter on Apr 28, 2022.
             Slain by a gnoll
             ... wielding a +0 club
              (6 damage)
             ... on level 4 of the Dungeon.
             The game lasted 00:03:23 (2043 turns).

ytrimaz the Covered (Demonspawn Fighter)            Turns: 2043, Time: 00:03:23

Health: -1/63      AC: 22    Str: 19    XL:     5   Next: 82%
Magic:  5/5        EV:  2    Int:  9    God:
Gold:   141        SH:  0    Dex: 12    Spells: 4/4 levels left

rFire   . . .      SeeInvis .   c - +1 dagger (vamp)
rCold   . . .      Faith    .   (no shield)
rNeg    . . .      Spirit   .   (body armour currently unavailable)
rPois   +          Reflect  .   (helmet currently unavailable)
rElec   .          Harm     .   (cloak currently unavailable)
rCorr   .          Rampage  .   (gloves currently unavailable)
Will    .....      Rage     1%  (boots currently unavailable)
Stlth   +......... NoTele   +   (no amulet)
HPRegen 0.20/turn               (no ring)
MPRegen 0.09/turn               (no ring)

@: tree-form
A: stationary, stasis, torment immunity, boosted hp, (slimy green scales 1),
demonic magic 1, (claws 1), berserk 1
a: no special abilities


You were on level 4 of the Dungeon.
You were a tree.
You visited 1 branch of the dungeon, and saw 4 of its levels.

You collected 141 gold pieces.

Inventory:

Hand Weapons
 a - a +0 rapier
 c - a +1 vampiric dagger (weapon)
Missiles
 e - 6 javelins (quivered)
Armour
 b - a +0 scale mail (melded)
 i - a +0 cloak (melded)
Scrolls
 f - a scroll of enchant armour {unknown}
 h - a scroll of fog {unknown}
Potions
 d - 2 potions of might
 g - a potion of mutation
 j - a potion of brilliance


   Skills:
 + Level 3.8 Fighting
 + Level 3.4 Short Blades
 - Level 3.9 Armour
 * Level 2.1 Dodging
 - Level 2.6 Shields
 * Level 0.1 Spellcasting


You had 4 spell levels left.
You didn't know any spells.
Your spell library contained the following spells:

 Spells                   Type           Power      Damage    Failure   Level
 Beastly Appendage        Tmut           0%         N/A       38%         1
 Magic Dart               Conj           0%         1d3       38%         1
 Sting                    Tmut/Pois      0%         1d3       38%         1
 Poisonous Vapours        Pois/Air       0%         N/A       52%         2
 Searing Ray              Conj           0%         2d4       52%         2
 Wereblood                Tmut           0%         N/A       52%         2
 Dazzling Flash           Conj/Hex       0%         N/A       77%         3
 Spider Form              Tmut/Pois      0%         N/A       77%         3
 Fulminant Prism          Conj/Hex       0%         3d6       99%         4
 Olgreb's Toxic Radiance  Pois           0%         N/A       99%         4
 Agony                    Necr           0%         N/A       100%        5
 Silence                  Hex/Air        0%         N/A       100%        5


Dungeon Overview and Level Annotations

Branches:
Dungeon (3/15)

Altars:


Innate Abilities, Weirdness & Mutations

You are a tree.
Your roots penetrate the ground, keeping you stationary.
You cannot be teleported.
You are immune to unholy pain and torment.
Your maximum health is greatly increased.
Your equipment is partially melded.
((You are partially covered in slimy green scales. (AC +2)))
Spells you cast may paralyse adjacent enemies.
((You have sharp fingernails.))
You tend to lose your temper in combat.


Message History

The gnoll hits you but does no damage. x2
You completely miss the gnoll.
The gnoll is moderately wounded.
The gnoll hits you with a +0 whip.
* * * LOW HITPOINT WARNING * * *
The gnoll hits you but does no damage.
You hit the gnoll.
The gnoll is heavily wounded.
You hit the gnoll.
You feel better.
The gnoll is heavily wounded.
The gnoll hits you but does no damage. x2
You barely miss the gnoll.
The gnoll is heavily wounded.
The gnoll hits you but does no damage. x2
You hit the gnoll.
The gnoll is severely wounded.
The gnoll hits you with a +0 whip.
* * * LOW HITPOINT WARNING * * *
The gnoll hits you but does no damage.
You barely miss the gnoll.
The gnoll is severely wounded.
The gnoll hits you but does no damage.
The gnoll hits you from afar with a +0 spear.
* * * LOW HITPOINT WARNING * * *
You hit the gnoll.
You feel better.
The gnoll is almost dead.
The gnoll hits you but does no damage.
The gnoll hits you from afar with a +0 spear.
* * * LOW HITPOINT WARNING * * *
You hit the gnoll.
The gnoll is almost dead.
You hit the gnoll.
You kill the gnoll!
The gnoll hits you but does no damage.
You closely miss the gnoll.
The gnoll hits you but does no damage. x2
Okay, then.
You hit the gnoll. You punch the gnoll.
The gnoll is moderately wounded.
The gnoll hits you but does no damage. The gnoll hits you with a +0 club.
You die...

#.......## #
#.......# ..#
#....g..##....#
#.#.#........#
# #.#.####.....
#.#........##
#.g....#####
#g#........
#♣####.####
#......#
########


You could see 2 gnolls.

Vanquished Creatures
  Sigmund (D:3)
  Robin (D:3)
  A gnoll (D:4)
  2 adders (D:2)
  2 worms (D:2)
  3 endoplasms
  10 goblins
  5 hobgoblins
  2 jackals (D:3)
  2 quokkas
  7 ball pythons
  A bat (D:1)
  2 frilled lizards
  4 kobolds
  6 rats
49 creatures vanquished.

Notes
Turn   | Place    | Note
-------+----------+-------------------------------------------
     0 | D:1      | ytrimaz the Demonspawn Fighter began the quest for the Orb.
     0 | D:1      | Reached XP level 1. HP: 18/18 MP: 1/1
   229 | D:1      | Gained mutation: You are partially covered in slimy green
                  | scales. (AC +2) [demonic ancestry]
   229 | D:1      | Reached XP level 2. HP: 24/24 MP: 2/2
  1145 | D:2      | Reached XP level 3. HP: 29/29 MP: 3/3
  1251 | D:2      | Reached skill level 1 in Dodging
  1524 | D:2      | Gained mutation: You have sharp fingernails. [potion of
                  | mutation]
  1524 | D:2      | Gained mutation: You tend to lose your temper in combat.
                  | [potion of mutation]
  1574 | D:3      | Noticed Sigmund
  1595 | D:3      | Killed Sigmund
  1596 | D:3      | Gained mutation: Spells you cast may paralyse adjacent
                  | enemies. [demonic ancestry]
  1596 | D:3      | Reached XP level 4. HP: 36/37 MP: 4/4
  1596 | D:3      | Reached XP level 5. HP: 42/42 MP: 5/5
  1611 | D:3      | Noticed Robin
  1642 | D:3      | Killed Robin
  1890 | D:3      | Found a faded altar of an unknown god.
  2006 | D:3      | You fall into a shaft and drop 1 floor!
  2043 | D:4      | Slain by a gnoll

Illustrated notes

Levels and vault maps discovered:
D:1:      heliophobic_arrival_enchanted_forest, layout_basic
D:2:      layout_basic
D:3:      layout_basic, ebering_ecumenical_altar_hall, uniq_sigmund, uniq_robin
D:4:      layout_basic

Skill      XL: |  1  2  3 |
---------------+----------+-----
Short Blades   | 2 3 |  3.4
Armour         | 3 |  3.9
Dodging        | 2 |  2.1
Fighting       | |  3.8
Shields        | |  2.6
Spellcasting   | |  0.1

Action                   |  1- 3 |  4- 6 || total
-------------------------+-------+-------++-------
Melee: Dagger            |   133 |    93 ||   226
       Rapier            |     9 |       ||     9
       Punch             |     2 |     1 ||     3
  Use: Scroll            |     6 |       ||     6
       Potion            |     2 |     1 ||     3
Armor: Scale mail        |    63 |    45 ||   108
       Skin              |       |    19 ||    19
Dodge: Dodged            |    53 |    52 ||   105

Table legend: (Time is in decaauts)
 A = Elapsed time spent in this place.
 B = Non-inter-level travel time spent in this place.
 C = Inter-level travel time spent in this place.
 D = Time resting spent in this place.
 E = Time spent auto-exploring this place.
 F = Levels seen in this place.
 G = Mean time per level.
                   A        B        C        D        E       F      G
               +--------+--------+--------+--------+--------+-----+--------+
         Total |   2023 |   1988 |     35 |      0 |   1534 |   4 |  505.8 |
       Dungeon |   2023 |   1988 |     35 |      0 |   1534 |   4 |  505.8 |
               +--------+--------+--------+--------+--------+-----+--------+

Top non-repeatable levels by time:
     D:1: 853 daAuts
     D:2: 673 daAuts
     D:3: 462 daAuts
     D:4: 34 daAuts
